 Dungeon Crawl Stone Soup version 0.26.1-2-gb8aa6d0cf2 (webtiles) character file.

Game seed: 12610844018268651683

928 Groucho the Covert (level 7, 0/32 HPs)
             Began as a Spriggan Enchanter on Mar 13, 2021.
             Was an Initiate of Kikubaaqudgha.
             Succumbed to an orc wizard's poison
             ... on level 5 of the Dungeon.
             The game lasted 00:15:38 (9933 turns).

Groucho the Covert (Spriggan Enchanter)             Turns: 9933, Time: 00:15:38

Health: 0/32       AC:  2    Str:  2 (5)  XL:     7   Next: 85%
Magic:  9/15       EV: 18    Int: 16 (17) God:    Kikubaaqudgha [......]
Gold:   234        SH:  5    Dex: 16 (17) Spells: 4/16 levels left

rFire    . . .     SeeInvis +   a - +1 dagger
rCold    + . .     Faith    .   (shield restricted)
rNeg     . . .     Spirit   .   b - +0 robe
rPois    .         Reflect  +   (helmet restricted)
rElec    .         Harm     .   (no cloak)
rCorr    .         Rampage  .   (gloves unavailable)
Will     ++...                  (boots unavailable)
Stlth    +++++.....             i - amulet of reflection
HPRegen  0.10/turn              j - ring of protection from cold
MPRegen  0.14/turn              s - ring of willpower

@: lethally poisoned (0 -> -6), very quick
A: very small, unfitting armour, see invisible, speed 3
a: Renounce Religion


You were on level 5 of the Dungeon.
You worshipped Kikubaaqudgha.
Kikubaaqudgha was noncommittal.
You visited 2 branches of the dungeon, and saw 6 of its levels.

You collected 234 gold pieces.

Inventory:

Hand Weapons
 a - a +1 dagger (weapon)
 r - a +0 dagger of distortion
Missiles
 c - 113 stones
 p - 24 poisoned darts (quivered)
Armour
 b - a +0 robe (worn)
Jewellery
 i - an amulet of reflection (around neck)
 j - a ring of protection from cold (left hand)
 m - an uncursed ring of protection from cold
 s - a ring of willpower (right hand)
 t - an uncursed ring of wizardry
Scrolls
 d - 4 scrolls of remove curse
 e - a scroll of random uselessness
 f - 3 scrolls of teleportation
 g - 4 scrolls of identify
 h - 2 scrolls of amnesia
 y - a scroll of blinking {unknown}
Potions
 k - a potion of lignification {unknown}
 n - a potion of heal wounds
 o - a potion of berserk rage {unknown}
 q - a potion of might {unknown}
 u - a potion of haste {unknown}
 v - a potion of cancellation
 x - a potion of flight
 z - a potion of invisibility {unknown}


   Skills:
 - Level 1.1 Short Blades
 - Level 3.0 Dodging
 * Level 12.0 Stealth
 + Level 5.0 Spellcasting
 + Level 5.6 Hexes


You had 4 spell levels left.
You knew the following spells:

 Your Spells              Type           Power        Failure   Level
a - Corona                Hex            24%          1%          1
b - Ensorcelled Hibernat  Hex/Ice        26%          8%          2
c - Confusing Touch       Hex            22%          4%          3
d - Tukima's Dance        Hex            22%          4%          3
e - Dazzling Flash        Conj/Hex       26%          14%         3

Your spell library contained the following spells:

 Spells                   Type           Power        Failure   Level


Dungeon Overview and Level Annotations

Branches:
Dungeon (5/15)             Temple (1/1) D:4

Altars:
Ashenzari
Cheibriados
Dithmenos
Elyvilon
Fedhas
Gozag
Kikubaaqudgha
Makhleb
Nemelex Xobeh
Okawaru
Qazlal
Ru
Sif Muna
Trog
Vehumet
Wu Jian
Yredelemnul
Zin
The Shining One

Shops:
D:4 (


Innate Abilities, Weirdness & Mutations

You are very small and have problems with some larger weapons.
You are too small for most types of armour.
You have supernaturally acute eyesight. (SInv)
You cover ground extremely quickly.


Message History

The floor, spattered with blood.
* * * LOW HITPOINT WARNING * * *
You feel sick.
* * * LOW HITPOINT WARNING * * *
You feel sick.
* * * LOW HITPOINT WARNING * * *
You feel sick.
* * * LOW HITPOINT WARNING * * *
You feel sick.
* * * LOW HITPOINT WARNING * * *
You feel sick.
The orc priest begins to cast a cantrip, but forgets the words!
* * * LOW HITPOINT WARNING * * *
You feel sick.
* * * LOW HITPOINT WARNING * * *
You feel sick.
* * * LOW HITPOINT WARNING * * *
You feel sick.
You die...
Kikubaaqudgha rasps: "You have failed me!
Welcome... death!"

##.....## #.##....# #.o##
##.......## #.#.#.#.# #).##
##.........###.....#.########...#
.+........>'................o....
##.........####......########...#
##.......## ##.##### ##..#
##.....## #.# #..# ##...## #.#
######... ##+## #@# #.....#.# #.#
#.# #.###.... ## #.#########.#
#.#...... .# ##.........#.#
#.#.#.... .# ##...####.#.#>#
#.#.#.### .###.....#......)#
#.....### ...........#†#)###
###.##... ######..####.#.#
#.##.#. #.........# #......


There were no monsters in sight!

Vanquished Creatures
  The ghost of Xiliam the Chiller, an amateur DEIE (D:4)
  An ice beast (D:5)
  A phantom (D:3)
  2 ogres (D:4)
  A bullfrog (D:5)
  A bullfrog zombie (D:5)
  An orc priest (D:5)
  A jelly (D:5)
  2 bullfrog skeletons (D:4)
  An iguana (D:4)
  An orc wizard (D:5)
  A worker ant (D:4)
  A mummy (D:5)
  6 adders
  A shadow imp (D:2)
  An ufetubus (D:5)
  3 worms
  2 dart slugs
  8 leopard geckos
  10 orcs
  A ball python (D:2)
  A giant cockroach (D:5)
  8 goblins
  7 hobgoblins
  7 jackals
  4 quokkas
  7 bats
  4 frilled lizards
  2 jackal skeletons
  8 kobolds
  A leopard gecko skeleton (D:4)
  4 rats
100 creatures vanquished.

Notes
Turn   | Place    | Note
-------+----------+-------------------------------------------
     0 | D:1      | Groucho the Spriggan Enchanter began the quest for the Orb.
     0 | D:1      | Reached XP level 1. HP: 9/9 MP: 5/5
   707 | D:1      | Reached skill level 5 in Stealth
   760 | D:1      | Reached XP level 2. HP: 11/13 MP: 6/6
  1176 | D:1      | Learned a level 2 spell: Ensorcelled Hibernation
  1550 | D:1      | Reached skill level 6 in Stealth
  1923 | D:2      | Found a blossoming altar of Fedhas.
  1977 | D:2      | Found a broken altar of Ashenzari.
  2027 | D:2      | Reached XP level 3. HP: 13/16 MP: 8/8
  2524 | D:2      | Learned a level 3 spell: Confusing Touch
  2607 | D:2      | Reached skill level 7 in Stealth
  2870 | D:2      | Found an iron altar of Okawaru.
  2989 | D:2      | Found a white marble altar of Elyvilon.
  3052 | D:2      | Found a basalt altar of Yredelemnul.
  3093 | D:2      | Reached XP level 4. HP: 18/21 MP: 5/9
  3203 | D:3      | Found a stormy altar of Qazlal.
  3718 | D:3      | Reached skill level 8 in Stealth
  3991 | D:3      | Noticed a phantom
  4007 | D:3      | Killed a phantom
  4008 | D:3      | Reached skill level 9 in Stealth
  4008 | D:3      | Reached XP level 5. HP: 24/24 MP: 7/10
  4892 | D:3      | Found an opulent altar of Gozag.
  5189 | D:3      | Found a shimmering blue altar of Sif Muna.
  5384 | D:4      | Learned a level 3 spell: Tukima's Dance
  5562 | D:4      | Found a runed translucent door.
  5562 | D:4      | Noticed Xiliam's ghost (amateur DEIE)
  5605 | D:4      | Found Nogonaur's Antique Weapon Shop.
  5608 | D:4      | Noticed an ogre
  5638 | D:4      | Killed an ogre
  5639 | D:4      | Reached skill level 10 in Stealth
  5639 | D:4      | Reached XP level 6. HP: 28/28 MP: 2/11
  6176 | D:4      | Found a sparkling altar of Nemelex Xobeh.
  6177 | D:4      | Found a glowing golden altar of the Shining One.
  6921 | D:4      | Found a staircase to the Ecumenical Temple.
  6986 | Temple   | Entered the Ecumenical Temple
  7226 | Temple   | Became a worshipper of Kikubaaqudgha
  7267 | D:5      | Entered Level 5 of the Dungeon
  7270 | D:5      | Noticed an ice beast
  8003 | D:5      | Reached XP level 7. HP: 31/32 MP: 10/14
  8012 | D:5      | Reached skill level 11 in Stealth
  8368 | D:5      | Reached skill level 5 in Hexes
  9195 | D:5      | Found a snail-covered altar of Cheibriados.
  9620 | D:4      | Learned a level 3 spell: Dazzling Flash
  9636 | D:4      | Killed Xiliam's ghost
  9637 | D:4      | Reached skill level 12 in Stealth
  9917 | D:5      | Reached skill level 5 in Spellcasting
  9931 | D:5      | HP: 1/32 [poisoned by an orc wizard]
  9933 | D:5      | Succumbed to an orc wizard's poison

Illustrated notes

Levels and vault maps discovered:
D:1:      minmay_arrival_four_circles, layout_loops_ring
D:2:      layout_rooms, kennysheep_ying_yang, lemuel_crystal_altar,
          general_overflow_altar, okawaru_gym_becter
D:3:      layout_loops_ring, led_sif_pool, nicolae_qazlal_eye_of_the_storm,
          lemuel_round_altar
D:4:      minmay_spotlight, layout_cave_pools,
          chequers_temple_overflow_statue_of_worship,
          minmay_temple_entry_glassed_door, serial_shops, shop,
          hellmonk_ghost_happy_afterlife, nicolae_ossuary_entry_monument
D:5:      layout_loops_corners, slow_altar_1, corexii_checkpoint_a
Temple:   jpeg_temple_island

Skill      XL: |  1  2  3  4  5  6  7 |
---------------+----------------------+-----
Stealth        | 5 6 7 9 10 12 | 12.0
Spellcasting   | 3 4 5 |  5.0
Hexes          | 4 5 |  5.6
Short Blades   | |  1.1
Dodging        | |  3.0

Action                   |  1- 3 |  4- 6 |  7- 9 || total
-------------------------+-------+-------+-------++-------
Melee: Dagger            |   141 |   167 |    93 ||   401
Throw: Stone             |     4 |     2 |       ||     6
       Dart              |       |       |     2 ||     2
 Cast: Ensorcelled Hiber |     9 |    18 |     9 ||    36
       Confusing Touch   |     2 |    15 |     7 ||    24
       Tukima's Dance    |       |     2 |       ||     2
  Use: Scroll            |     3 |     3 |     2 ||     8
       Potion            |       |       |     4 ||     4
 Stab: Sleeping          |    18 |    22 |    13 ||    53
       Confused          |     3 |    11 |     9 ||    23
       Distracted        |       |     1 |     1 ||     2
Armor: Robe              |    12 |     7 |     4 ||    23
Dodge: Dodged            |    91 |   123 |    40 ||   254
Block: Other             |     8 |    38 |    18 ||    64
